 Dungeon Crawl Stone Soup version 0.27.0-1-g7a08968 (webtiles) character file.

Game seed: 13486451987869062457

855 brinewave the Chopper (level 7, 0/57 HPs)
             Began as a Minotaur Berserker on Aug 11, 2021.
             Was a Priest of Trog.
             Slain by an ice beast (8 damage)
             ... on level 5 of the Dungeon.
             The game lasted 00:11:37 (4149 turns).

brinewave the Chopper (Minotaur Berserker)          Turns: 4149, Time: 00:11:38

Health: 0/57       AC:  7    Str: 23    XL:     7   Next: 70%
Magic:  6/6        EV: 11    Int:  4    God:    Trog [***...]
Gold:   153        SH:  0    Dex: 10    Spells: 6/6 levels left

rFire    . . .     SeeInvis .   e - +0 dagger (venom)
rCold    . . .     Faith    .   (no shield)
rNeg     . . .     Spirit   .   v - +0 ring mail
rPois    .         Reflect  .   (helmet restricted)
rElec    .         Harm     .   (no cloak)
rCorr    .         Rampage  .   n - +0 pair of gloves
Will     .....                  (no boots)
Stlth    ..........             (no amulet)
HPRegen  0.19/turn              (no ring)
MPRegen  0.10/turn              (no ring)

@: on berserk cooldown, slowed, very slow
A: horns 2, retaliatory headbutt
a: Renounce Religion, Berserk, Trog's Hand


You were on level 5 of the Dungeon.
You worshipped Trog.
Trog was most pleased with you.
You visited 1 branch of the dungeon, and saw 5 of its levels.

You collected 153 gold pieces.

Inventory:

Hand Weapons
 a - a +0 hand axe
 e - a +0 dagger of venom (weapon)
 k - a +0 hunting sling
 q - a +0 arbalest
Missiles
 c - 13 arrows
 d - 178 stones (quivered)
 o - 8 boomerangs
Armour
 h - a +0 chain mail
 n - a +0 pair of gloves (worn)
 r - a +0 leather armour
 v - a +0 ring mail (worn)
Jewellery
 s - an amulet of faith
Wands
 f - a wand of polymorph (8)
 i - a wand of flame (15)
Potions
 b - a potion of haste {unknown}
 g - a potion of degeneration {unknown}
 j - a potion of might {unknown}
 l - 4 potions of curing
 m - a potion of brilliance {unknown}
 p - a potion of cancellation {unknown}


   Skills:
 - Level 3.6 Fighting
 + Level 3.6 Short Blades
 + Level 7.7 Axes
 + Level 7.1 Armour
 - Level 2.1 Dodging


You had 6 spell levels left.
You didn't know any spells.
Your spell library was empty.

Dungeon Overview and Level Annotations

Branches:
Dungeon (5/15)
 Temple: D:4-7

Altars:
Cheibriados


Innate Abilities, Weirdness & Mutations

You have a pair of horns on your head.
You reflexively headbutt those who attack you in melee.


Message History

You closely miss the ice beast. You headbutt the ice beast.
The ice beast is lightly wounded.
You feel sick.
The ice beast hits you but does no damage.
You hit the ice beast but do no damage.
The ice beast is lightly wounded.
You feel sick. The ice beast hits you.
* * * LOW HITPOINT WARNING * * *
The ice beast freezes you!
* * * LOW HITPOINT WARNING * * *
You completely miss the ice beast.
The ice beast is lightly wounded.
You feel sick.
The ice beast hits you but does no damage.
You hit the ice beast but do no damage.
The ice beast is poisoned.
The ice beast is lightly wounded.
You feel sick.
You are no longer poisoned.
The ice beast closely misses you.
The ice beast hits you but does no damage.
You closely miss the ice beast.
You headbutt the ice beast, but do no damage.
The ice beast is lightly wounded.
The ice beast closely misses you.
You hit the ice beast but do no damage.
The ice beast is lightly wounded.
The ice beast barely misses you. You furiously retaliate!
You headbutt the ice beast, but do no damage.
You hit the ice beast but do no damage.
The ice beast is lightly wounded.
The ice beast closely misses you.
You hit the ice beast but do no damage. Your headbutt misses the ice beast.
The ice beast is moderately wounded.
The ice beast hits you but does no damage.
You hit the ice beast but do no damage.
The ice beast is moderately wounded.
The ice beast barely misses you. The ice beast hits you.
* * * LOW HITPOINT WARNING * * *
The ice beast freezes you!
You die...

... #.. #.# #.#
#.## ...
#<.#### #.#
##....# #.#
#### ####.##
#.##.....
#..### #.....#
##...#######..#
###......@Y..#
####..###.##
#### #..# .....
.$.... ........
#........
.......


You could see an ice beast (very poisoned).

Vanquished Creatures
  Grinder (D:3)
  Sigmund (D:2)
  A water moccasin (D:5)
  An ogre (D:4)
  2 hounds
  An iguana (D:4)
  Terence (D:2)
  6 gnolls
  7 adders
  2 dart slugs
  8 orcs (D:4)
  3 bats (D:2)
  6 endoplasms
  2 giant cockroaches
  7 goblins
  10 hobgoblins
  8 jackals
  5 quokkas
  8 ball pythons
  2 frilled lizards
  6 kobolds
  9 rats
97 creatures vanquished.

Vanquished Creatures (others)
  2 plants (D:2)
  3 withered plants (D:2)
5 creatures vanquished.

Grand Total: 102 creatures vanquished

Notes
Turn   | Place    | Note
-------+----------+-------------------------------------------
     0 | D:1      | brinewave the Minotaur Berserker began the quest for the
                  | Orb.
     0 | D:1      | Reached XP level 1. HP: 19/19 MP: 0/0
   168 | D:1      | Reached XP level 2. HP: 26/26 MP: 1/1
   590 | D:1      | Reached XP level 3. HP: 13/31 MP: 2/2
   898 | D:2      | Noticed Terence
   905 | D:2      | Killed Terence
  1131 | D:2      | Noticed Sigmund
  1136 | D:2      | Killed Sigmund
  1137 | D:2      | Reached skill level 5 in Armour
  1137 | D:2      | Reached XP level 4. HP: 39/39 MP: 3/3
  1137 | D:2      | Reached XP level 5. HP: 45/45 MP: 4/4
  1142 | D:2      | Reached ** piety under Trog
  1489 | D:2      | Found a faded altar of an unknown god.
  1922 | D:2      | Reached XP level 6. HP: 48/51 MP: 5/5
  2482 | D:3      | Noticed Grinder
  2485 | D:3      | Paralysed by Grinder for 6 turns
  2498 | D:3      | Killed Grinder
  2499 | D:3      | Reached skill level 1 in Short Blades
  3033 | D:3      | Reached *** piety under Trog
  3053 | D:3      | Reached XP level 7. HP: 57/57 MP: 6/6
  3515 | D:4      | Found a snail-covered altar of Cheibriados.
  4102 | D:5      | Entered Level 5 of the Dungeon
  4149 | D:5      | Slain by an ice beast

Illustrated notes

Levels and vault maps discovered:
D:1:      amcnicky_arrival_gap_in_the_tavern_cellar, layout_basic,
          amethyst_killhole
D:2:      minmay_recursive_quarters, layout_basic,
          shapermc_ecumenical_altar_flowoftime, minmay_strange_pillars,
          minivault_14, uniq_terence, uniq_sigmund
D:3:      layout_basic, uniq_grinder
D:4:      layout_rooms, cheibriados_altar_2, minmay_curled_crystal
D:5:      layout_rooms, chequers_temple_overflow_statue_of_worship,
          kennysheep_generic_room_9

Skill      XL: |  1  2  3  4  5  6  7 |
---------------+----------------------+-----
Axes           | 4 6 7 |  7.7
Armour         | 3 5 6 7 |  7.1
Short Blades   | 2 3 |  3.6
Fighting       | |  3.6
Dodging        | |  2.1

Action                   |  1- 3 |  4- 6 |  7- 9 || total
-------------------------+-------+-------+-------++-------
Melee: Hand axe          |    58 |    54 |       ||   112
       Headbutt          |     7 |    17 |    16 ||    40
       Unarmed           |     2 |       |       ||     2
       Dagger            |       |    38 |    98 ||   136
Invok: Berserk           |     1 |     2 |     2 ||     5
  Use: Scroll            |       |     2 |     6 ||     8
Armor: Animal skin       |     7 |    18 |       ||    25
       Leather armour    |       |     2 |    17 ||    19
       Ring mail         |       |       |    18 ||    18
Dodge: Dodged            |    35 |    35 |    45 ||   115
